 Dungeon Crawl Stone Soup version 0.22.1-1-ga44c0e5 (webtiles) character file.

130 Lauz the Grave Robber (level 4, 0/24 HPs)
             Began as a Deep Elf Necromancer on Oct 29, 2018.
             Killed by nerve-wracking pain
             ... invoked by Grinder
              (13 damage)
             ... on level 3 of the Dungeon.
             The game lasted 00:13:22 (2805 turns).

Lauz the Grave Robber (Deep Elf Necromancer)        Turns: 2805, Time: 00:13:23

Health: 0/24       AC:  2    Str:  5    XL:     4   Next: 90%
Magic:  12/13      EV: 13    Int: 21    God:
Gold:   119        SH:  0    Dex: 15    Spells: 11/13 levels left

rFire    . . .     SeeInvis .   (no weapon)
rCold    . . .     Gourm    .   (no shield)
rNeg     . . .     Faith    .   a - +0 robe
rPois    .         Spirit   .   (no helmet)
rElec    .         Reflect  .   (no cloak)
rCorr    .         Harm     .   (no gloves)
MR       .....                  (no boots)
Stlth    ++........             (no amulet)
HPRegen  0.08/turn              (no ring)
MPRegen  0.13/turn              (no ring)

@: no status effects
A: no striking features
a: no special abilities


You were on level 3 of the Dungeon.
You were not hungry.

You visited 1 branch of the dungeon, and saw 3 of its levels.

You collected 119 gold pieces.

Inventory:

Armour
 a - a +0 robe (worn)
Jewellery
 e - a +6 ring of evasion {unknown}
Scrolls
 g - 2 scrolls of fear {unknown}
 i - 3 scrolls of identify {unknown}
 j - a scroll of fog {unknown}
 l - 2 scrolls of enchant armour {unknown}
 n - a scroll of magic mapping {unknown}
Potions
 b - a potion of flight {unknown}
 d - a potion of resistance {unknown}
 f - a potion of invisibility {unknown}
 h - a potion of heal wounds {unknown}
 m - a potion of lignification {unknown}
Comestibles
 c - 8 rations


   Skills:
 + Level 2.8 Dodging
 - Level 2.4 Stealth
 + Level 5.3 Spellcasting
 + Level 6.1 Necromancy


You had 11 spell levels left.
You knew the following spells:

 Your Spells              Type           Power        Failure   Level  Hunger
a - Pain                  Necr           ####         1%          1    None
b - Animate Skeleton      Necr           N/A          1%          1    None

Your spell library contained the following spells:

 Spells                   Type           Power        Failure   Level  Hunger
 Vampiric Draining        Necr           ####......   2%          3    ##.....
 Regeneration             Chrm/Necr      ###.......   9%          3    ##.....
 Animate Dead             Necr           N/A          9%          4    ####...


Dungeon Overview and Level Annotations

Branches:
Dungeon (3/15)

Altars:
Makhleb

Annotations:
D:3 Grinder


Message History

Casting: Pain (safe; 1% risk of failure)
Confirm with . or Enter, or press ? or * to list all spells.
You can't see any susceptible monsters within range! (Use Z to cast anyway.)
Casting: Pain (safe; 1% risk of failure)
Confirm with . or Enter, or press ? or * to list all spells.
You can't see any susceptible monsters within range! (Use Z to cast anyway.)
Casting: Pain (safe; 1% risk of failure)
Confirm with . or Enter, or press ? or * to list all spells.
You can't see any susceptible monsters within range! (Use Z to cast anyway.)
Casting: Pain (safe; 1% risk of failure)
Confirm with . or Enter, or press ? or * to list all spells.
You can't see any susceptible monsters within range! (Use Z to cast anyway.)
Press: ? - help, v - describe, . - travel A rock wall.
Grinder gestures at you. Pain shoots through your body!
Grinder gestures at you. Pain shoots through your body!
Ouch! That really hurt!
You die...

#.# #>...# #)#
#!.... #.##
####.#..( #####5.#
... #......##.####.
.
#..................
#.....#.######.#...
#######..#####....
##.@......# #
#........#.##
#......).....
#............
#............
#....<.......
#######......
.###.. #


You could see Grinder.

Vanquished Creatures
  Terence (D:2)
  Robin (D:2)
  2 adders (D:2)
  A leopard gecko (D:2)
  2 orcs (D:3)
  7 bats
  6 giant cockroaches
  5 hobgoblins
  A quokka (D:2)
  A frilled lizard (D:2)
  15 goblins
  3 kobolds
  4 rats
49 creatures vanquished.

Vanquished Creatures (collateral kills)
  Jessica (D:2)
  A giant cockroach (D:1)
  A goblin (D:2)
  A hobgoblin (D:2)
4 creatures vanquished.

Grand Total: 53 creatures vanquished

Notes
Turn   | Place    | Note
-------+----------+-------------------------------------------
     0 | D:1      | Lauz the Deep Elf Necromancer began the quest for the Orb.
     0 | D:1      | Reached XP level 1. HP: 10/10 MP: 6/6
    83 | D:1      | Learned a level 1 spell: Animate Skeleton
   113 | D:1      | Reached skill level 5 in Necromancy
   444 | D:1      | Reached XP level 2. HP: 15/15 MP: 5/8
  1124 | D:2      | Noticed Jessica
  1173 | D:2      | Reached XP level 3. HP: 10/19 MP: 0/10
  1640 | D:2      | Noticed Robin
  1667 | D:2      | Killed Robin
  2016 | D:2      | Reached skill level 6 in Necromancy
  2034 | D:2      | Reached XP level 4. HP: 19/24 MP: 6/12
  2095 | D:2      | Noticed Terence
  2103 | D:2      | Killed Terence
  2103 | D:2      | Reached skill level 5 in Spellcasting
  2192 | D:2      | Killed Jessica
  2560 | D:2      | Found a burning altar of Makhleb.
  2742 | D:3      | Noticed Grinder
  2805 | D:3      | Killed from afar by Grinder

Skill      XL: |  1  2  3  4 |
---------------+-------------+-----
Necromancy     | 5 6 |  6.1
Spellcasting   | 4 5 |  5.3
Dodging        | |  2.8
Stealth        | |  2.4

Action                   |  1- 3 |  4- 6 || total
-------------------------+-------+-------++-------
 Cast: Pain              |    69 |    22 ||    91
       Animate Skeleton  |    13 |     6 ||    19
  Eat: Chunk             |     3 |     2 ||     5
Armor: Robe              |     2 |     1 ||     3
Dodge: Dodged            |    25 |     8 ||    33
